 Dungeon Crawl Stone Soup version 0.30-a0-743-gbfdf073431 (webtiles) character file.

Game seed: 34292722933927495

4643 jimonade the Thaumaturge (level 10, -1/75 HPs)
             Began as a Djinni Fire Elementalist on Feb 6, 2023.
             Was a Follower of Ashenzari.
             Killed from afar by an acid dragon (31 damage)
             ... with a splash of acid
             ... on level 8 of the Dungeon.
             The game lasted 00:28:02 (8282 turns).

jimonade the Thaumaturge (Djinni Fire Elementalist) Turns: 8282, Time: 00:28:02

Health: -1/75      AC:  0    Str: 11    XL:     10   Next: 70%
Gold:   1271       EV: 13    Int: 16    God:    Ashenzari [*.....] SH:  5 Dex: 18

rFire   + + +      SeeInvis +    a - staff of fire
rCold   . . .      Faith    .    (no shield)
rNeg    + . .      Spirit   .    e - +0 robe of the Astral Sage {Fort, Cun} (curse)
rPois   ∞          Reflect  +    Y - +1 hat
rElec   .          Harm     .    E - scarf of the Shackled Gloom {rC+ rF+, Evo, Self} (curse)
rCorr   .          Rampage  .    K - +0 pair of gloves of the Ladybird {rF- rN+ Will+ Dex+3}
Will    ++...                    (boots unavailable)
Stlth   ++                       q - amulet of reflection
HPRegen 0.32/turn                F - ring of see invisible
MPRegen 0.00/turn                (no ring)

@: corroded, flying, mesmerised, studying 2 skills
A: sickness immunity, fire resistance 2, cold vulnerability 1, float, innate
caster, HP casting, extra vitality 1
a: Renounce Religion, Shatter the Chains


You were on level 8 of the Dungeon.
You worshipped Ashenzari.
Ashenzari was aware of your devotion.
You visited 2 branches of the dungeon, and saw 9 of its levels.
You also visited: Bailey.

You collected 1271 gold pieces.

Inventory:

Hand Weapons
 b - a +0 dagger of draining
 d - a +0 dagger
 l - a +1 spectral quarterstaff
 p - a +0 short sword of freezing
 u - a +0 spear
 H - a +0 rapier
 L - a +2 dagger of venom
 N - the +1 morningstar "Lysaus" {vamp, Fragile rF+ rCorr}
   (You found it in a bailey)

   rF:        It protects you from fire.
   rCorr:     It protects you from acid and corrosion.
   Fragile:   It will be destroyed if unequipped.
 O - a +2 heavy shortbow
 P - a +3 war axe
 R - a +0 broad axe
Missiles
 w - 18 poisoned darts
 S - 15 boomerangs
Armour
 e - the cursed +0 robe of the Astral Sage (worn) {Fort, Cun}

   It has a curse which improves the following skills: Fortitude: Armour and
   Shields.
   Cunning:   Dodging and Stealth.
 g - a +0 cloak
 h - a +2 chain mail of poison resistance
 t - a +0 ring mail
 x - a +0 buckler
 C - a +0 leather armour
 E - the cursed scarf of the Shackled Gloom (worn) {rC+ rF+, Evo, Self}
   (You found it on level 6 of the Dungeon)

   It has a curse which improves the following skills: Evocations: Evocations.
   Introspection: Fighting and Spellcasting.
 J - a +0 pair of gloves
 K - the +0 pair of gloves of the Ladybird (worn) {rF- rN+ Will+ Dex+3}
   (You acquired it on level 6 of the Dungeon)

   Dex:       It affects your dexterity (+3).
   rF:        It makes you vulnerable to fire.
   rN:        It protects you from negative energy.
   Will:      It increases your willpower.
 Q - a +0 plate armour
 T - a +0 chain mail
 X - a +3 leather armour
 Y - a +1 hat (worn)
Magical Staves
 a - a staff of fire (weapon)
Jewellery
 q - an amulet of reflection (around neck)
 F - a ring of see invisible (left hand)
Wands
 m - a wand of mindburst (4)
 y - a wand of flame (14)
 U - a wand of polymorph (10)
Scrolls
 c - 4 scrolls of teleportation
 i - a scroll of vulnerability
 s - 4 scrolls of enchant weapon
 v - a scroll of summoning
 z - a scroll of fog
 B - a scroll of fear
 G - 3 scrolls of identify
 I - a scroll of acquirement
 V - a scroll of magic mapping
 W - a scroll of poison
Potions
 f - 4 potions of haste
 j - 3 potions of brilliance
 k - a potion of invisibility
 n - 4 potions of heal wounds
 o - 2 potions of resistance
 r - 5 potions of curing
 A - 2 potions of might
 D - 2 potions of lignification
Miscellaneous
 M - a piece from Xom's chessboard (15/15)


   Skills:
 * Level 6.7(7.6) Fighting
 + Level 2.8(3.5) Dodging
 - Level 1.5(2.2) Stealth
 + Level 0.5(1.0) Shields
 + Level 11.1(11.9) Spellcasting


You had 10 spell levels left.
You knew the following spells:

 Your Spells              Type           Power      Damage    Failure   Level
a - Foxfire               Conj/Fire      100%       2x1d9     1%          1
b - Scorch                Fire           100%       2d10      1%          2
c - Kindle Blastsparks    Fire/Tloc/Air  100%       2d18      1%          3
d - Inner Flame           Hex/Fire       64%        N/A       1%          3
e - Flame Wave            Conj/Fire      64%        2d15      1%          4
f - Sandblast             Erth           94%        2d19      1%          1
g - Ensorcelled Hibernat  Hex/Ice        94%        N/A       1%          2
h - Portal Projectile     Hex/Tloc       94%        N/A       1%          3
i - Dazzling Flash        Conj/Hex       94%        N/A       1%          3
Your spell library was empty.

Dungeon Overview and Level Annotations

Branches:
Dungeon (8/15)             Temple (1/1) D:4          Bailey (visited)
   Lair: D:8-11

Altars:
Ashenzari
Cheibriados
Dithmenos
Elyvilon
Fedhas
Gozag
Hepliaklqana
Makhleb
Nemelex Xobeh
Okawaru
Qazlal
Ru
Trog
Uskayaw
Wu Jian
Xom
Yredelemnul
Zin
The Shining One

Shops:
D:7 (

Portals:
Abyss: D:7

Annotations:
D:4 Grinder
D:7 2 transporters, Bediveer's ghost, novice KoHu
D:8 Maggie


Innate Abilities, Weirdness & Mutations

You are immune to sickness and miasma.
You are immune to poison.
Your flesh is very heat resistant. (rF++)
You are vulnerable to cold. (rC-)
You float through the air rather than walking.
You learn spells naturally, not from books.
Your magical power is your life essence.
You have superior vitality. (+4 MHP)


Message History

Maggie is lightly wounded.
You feel a surge of power!
You conjure some foxfire!
The foxfire hits Maggie.
Flame seeps out of Maggie.
Maggie is lightly wounded.
Maggie is engulfed in blazing flames.
Flame seeps out of Maggie.
Maggie casts a spell.
Maggie attempts to bespell you!
You are mesmerised by Maggie!
You cannot move away from Maggie!
Casting: Foxfire (safe; 1% risk of failure)
Confirm with . or Enter, or press ? or * to list all spells.
Aiming: Inner Flame (safe; 1% risk of failure)
Press: ? - help, Dir - move target, f - acid dragon
Aim: an acid dragon (catching its breath, ally target, chance to affect: 96%)
You feel a surge of power!
The acid dragon is filled with an inner flame.
Maggie is engulfed in blazing flames.
Flame seeps out of Maggie.
The foxfire hits the acid dragon but does no damage.
You are too injured to fight recklessly!
Unknown command.
Casting: Foxfire (safe; 1% risk of failure)
Press: ? - help, Q - select action, (/) - cycle Dir - look around, f - activate You feel a surge of power!
You conjure some foxfire!
The foxfire hits Maggie.
Flame seeps out of Maggie.
Maggie is moderately wounded.
Maggie is engulfed in blazing flames.
Flame seeps out of Maggie.
Casting: Foxfire (safe; 1% risk of failure)
Press: ? - help, Q - select action, (/) - cycle Dir - look around, f - activate You feel a surge of power!
You conjure some foxfire!
The foxfire hits the acid dragon but does no damage.
The foxfire hits the acid dragon.
Flame seeps out of the acid dragon.
The acid dragon is lightly wounded.
Maggie gestures at you while chanting. The bolt of fire hits you. You resist.
The bolt of fire hits your foxfire.
Your foxfire completely resists.
The acid dragon is engulfed in blazing flames.
Flame seeps out of the acid dragon.
The acid dragon spits acid at you. The splash of acid hits you!!
You die...

#..#..........###. ##.
###.... #.......# #.
#..##.....###.......# #.
........#.##........# #.
?...................# #.
.....$......#####.#####.
....D.§.....# #.#.....
.......§....## #.#.....
..○@..§@v.#..####.#.....
.....<.§v.##.##.........
##.>.....###....#.#.....
#.........#...###.......
#...........#..###......
#.....>....###.# #.#####
#.........## .# #.#
[.........# .# #.#
.......... .# #.#


You could see Maggie (mesmerising, inner flame, ally target) and an acid dragon
(inner flame, catching breath, ally target).

Vanquished Creatures
  An orc knight (Bailey)
  A troll (D:7)
  4 slime creatures (D:7)
  A spriggan (D:7)
  A water moccasin (D:5)
  2 ice beasts
  A black bear (D:6)
  12 orc warriors
  An ogre (D:6)
  A centaur (D:4)
  A phantom (D:6)
  A kobold brigand (D:7)
  4 necrophages
  4 bullfrogs
  2 howler monkeys
  A jelly (D:8)
  4 orc priests
  3 gnoll boudas (D:6)
  7 hounds
  3 iguanas
  4 orc wizards
  A gnoll (Bailey)
  8 adders
  A shadow imp (D:5)
  A white imp (D:6)
  2 ufetubi
  A worm (D:2)
  3 dart slugs
  23 orcs
  7 endoplasms
  3 giant cockroaches
  7 goblins
  8 hobgoblins
  2 jackals (D:2)
  3 quokkas
  5 ball pythons
  5 bats
  5 frilled lizards
  27 kobolds
  4 rats
175 creatures vanquished.

Vanquished Creatures (others)
  508 foxfires
508 creatures vanquished.

Grand Total: 683 creatures vanquished

Notes
Turn   | Place    | Note
-------+----------+-------------------------------------------
     0 | D:1      | jimonade the Djinni Fire Elementalist began the quest for
                  | the Orb.
     0 | D:1      | jimonade set off with the following spells memorised:
                  | Foxfire, Scorch, Kindle Blastsparks, Inner Flame, Flame
                  | Wave.
     0 | D:1      | Reached XP level 1. HP: 15/15 MP: 0/0
   205 | D:1      | Reached XP level 2. HP: 19/21 MP: 0/0
   712 | D:1      | You are sucked into a shaft and drop 1 floor!
   767 | D:2      | Reached skill level 3 in Spellcasting
   767 | D:2      | Reached XP level 3. HP: 22/25 MP: 0/0
   767 | D:2      | Learned a level 1 spell: Sandblast
  1070 | D:2      | Reached XP level 4. HP: 23/31 MP: 0/0
  1917 | D:3      | Reached skill level 4 in Spellcasting
  2101 | D:3      | Found a faded altar of an unknown god.
  2464 | D:3      | Reached XP level 5. HP: 33/35 MP: 0/0
  2464 | D:3      | Learned a level 2 spell: Ensorcelled Hibernation
  2901 | D:4      | Noticed Grinder
  2926 | D:4      | Found a staircase to the Ecumenical Temple.
  2941 | Temple   | Entered the Ecumenical Temple
  2941 | Temple   | Found a transporter.
  2941 | Temple   | Found a transporter.
  2943 | Temple   | Found a transporter.
  2943 | Temple   | Found a transporter.
  2994 | Temple   | Became a worshipper of Ashenzari the Shackled
  3162 | D:4      | Reached XP level 6. HP: 39/40 MP: 0/0
  3291 | D:4      | Reached skill level 5 in Spellcasting
  3744 | D:4      | Reached XP level 7. HP: 21/45 MP: 0/0
  3744 | D:4      | Learned a level 3 spell: Portal Projectile
  4087 | D:5      | Entered Level 5 of the Dungeon
  4491 | D:5      | Noticed a water moccasin
  4496 | D:5      | Killed a water moccasin
  4497 | D:5      | Reached skill level 6 in Spellcasting
  4617 | D:5      | Reached * piety under Ashenzari
  4955 | D:5      | Reached XP level 8. HP: 45/50 MP: 0/0
  4981 | D:5      | Identified Ereshkigal's Vellum of Outbursts (You found it
                  | on level 4 of the Dungeon)
  5136 | D:6      | Reached skill level 7 in Spellcasting
  5288 | D:6      | Identified a scroll of acquirement
  5307 | D:6      | Acquired a staff of fire
  5523 | D:6      | Reached skill level 8 in Spellcasting
  5605 | D:6      | Reached XP level 9. HP: 48/55 MP: 0/0
  5605 | D:6      | Learned a level 3 spell: Dazzling Flash
  5766 | D:6      | Acquired a manual of Fighting
  5840 | D:6      | Acquired the +0 pair of gloves of the Ladybird {rF- rN+
                  | Will+ Dex+3}
  6174 | D:7      | Found a sacrificial altar of Ru.
  6181 | D:7      | Found Fyvuph's Antique Weapon Shop.
  6204 | D:7      | Noticed a troll
  6207 | D:7      | Reached skill level 1 in Fighting
  6208 | D:7      | Killed a troll
  6209 | D:7      | Reached skill level 9 in Spellcasting
  6475 | D:7      | Found a flagged portal.
  6482 | Bailey   | Entered a bailey
  6534 | Bailey   | Noticed an orc knight
  6549 | Bailey   | Killed an orc knight
  6627 | Bailey   | Reached skill level 10 in Spellcasting
  6627 | Bailey   | Reached XP level 10. HP: 28/69 MP: 0/0
  6886 | Bailey   | Identified the +1 morningstar "Lysaus" {vamp, Fragile rF+
                  | rCorr}
  7037 | Bailey   | Reached skill level 5 in Fighting
  7569 | D:7      | Found a bloodstained altar of Trog.
  7583 | D:7      | Found a transporter.
  7645 | D:7      | Acquired a manual of Long Blades
  7733 | D:7      | Reached skill level 11 in Spellcasting
  7934 | D:7      | Found a burning altar of Makhleb.
  7934 | D:7      | Noticed a cacodemon
  8007 | D:7      | Found a one-way gate to the infinite horrors of the Abyss.
  8007 | D:7      | Noticed Bediveer's ghost (novice KoHu)
  8019 | D:7      | Found a transporter.
  8276 | D:8      | Noticed Maggie
  8282 | D:8      | Killed from afar by an acid dragon

Illustrated notes

Levels and vault maps discovered:
D:1:      erik_arrival_triangle_small, layout_basic, hex_medium,
          minmay_misc_feat_more_columns, hangedman_abyss_or_decor_stabs,
          minmay_pentomino_t4
D:2:      layout_basic, grunt_decor_cap, corexii_hall_statues_i,
          dreamdust_princess_corridor, serial_park_tiny_2, dk_noncrumbling_3,
          small_statue_intersection
D:3:      layout_loops_corners, shapermc_ecumenical_altar_mp_vishouse
D:4:      layout_loops_ring, minmay_temple_entry_offerings,
          dreamdust_princess_bridge, nicolae_hexahallways, uniq_grinder
D:5:      layout_rooms
D:6:      minmay_recursive_quarters, layout_basic, nicolae_water_bricks
D:7:      layout_gridville, makhleb_altar_promises_db,
          mainiacjoe_overflow_catwalk_spiral, serial_shops,
          nicolae_stop_n_shop_1, gammafunk_ghost_abyssal_escape, enter_bailey_3,
          the_hattery
D:8:      layout_rooms, david_lair_generic, chequers_decorated_corner,
          uniq_maggie
Temple:   hellmonk_temple_divided_pantheon

Skill      XL: |  1  2  3  4  5  6  7  8  9 10 |
---------------+-------------------------------+-----
Spellcasting   | 3 4 5 6 8 10 11 | 11.1
Fighting       | 4 6 |  6.7
Dodging        | |  2.8
Stealth        | |  1.5
Shields        | |  0.5

Action                     |  1- 3 |  4- 6 |  7- 9 | 10-12 || total
---------------------------+-------+-------+-------+-------++-------
  Melee: Quarterstaff      |       |     2 |       |       ||     2
   Cast: Foxfire           |    67 |    52 |   120 |    71 ||   310
         Scorch            |     1 |    26 |    37 |     8 ||    72
         Inner Flame       |       |     4 |    24 |    24 ||    52
         Kindle Blastspark |       |       |       |     1 ||     1
 Invoke: Curse Item        |       |     1 |     2 |       ||     3
         Shatter the Chain |       |       |     1 |       ||     1
    Use: Scroll            |       |       |     3 |     1 ||     4
 Armour: Robe              |     5 |       |     4 |       ||     9
  Dodge: Dodged            |    14 |     6 |    15 |     4 ||    39
  Block: Other             |       |     3 |     6 |     2 ||    11
         Reflection        |       |       |     3 |     2 ||     5

Table legend: (Time is in decaauts)
 A = Elapsed time spent in this place.
 B = Non-inter-level travel time spent in this place.
 C = Inter-level travel time spent in this place.
 D = Time resting spent in this place.
 E = Time spent auto-exploring this place.
 F = Levels seen in this place.
 G = Mean time per level.
                   A        B        C        D        E       F      G
               +--------+--------+--------+--------+--------+-----+--------+
         Total |   8281 |   7901 |    380 |    919 |   5226 |  10 |  828.1 |
       Dungeon |   7303 |   6946 |    357 |    703 |   4946 |   8 |  912.9 |
        Temple |     71 |     48 |     23 |      0 |      6 |   1 |   71.0 |
        Bailey |    906 |    906 |      0 |    216 |    274 |   1 |  906.0 |
               +--------+--------+--------+--------+--------+-----+--------+

Top non-repeatable levels by time:
     D:3: 1397 daAuts
     D:4: 1387 daAuts
     D:6: 1369 daAuts
     D:7: 930 daAuts
  Bailey: 906 daAuts
     D:2: 768 daAuts
     D:1: 709 daAuts
     D:5: 685 daAuts
  Temple: 71 daAuts
     D:8: 55 daAuts
